 Dungeon Crawl Stone Soup version 0.31-a0-844-gdc52ec4e09 (webtiles) character file.

Game seed: 11192750106199099342

1841 kae the Mimic (level 8, -3/59 HPs)
             Began as a White Draconian Shapeshifter on Sept 29, 2023.
             Was an Initiate of Ru.
             Killed from afar by an electric eel (8 damage)
             ... with a bolt of electricity
             ... on level 7 of the Dungeon.
             The game lasted 00:04:30 (6062 turns).

kae the Mimic (White Draconian Shapeshifter)        Turns: 6062, Time: 00:04:31

Health: -3/59      AC:  6    Str: 16    XL:     8   Next: 87%
Magic:  8/8        EV: 12    Int: 10    God:    Ru [......]
Gold:   288        SH:  0    Dex: 14    Spells: 7/7 levels left

rFire   . .          .
                       - Unarmed
rCold   + . .        (shield currently unavailable)
rNeg    . . .        (body armour unavailable)
rPois   .            (helmet restricted)
rElec   .            (no cloak)
rCorr   .            (no gloves)
SInv    .            (no boots)
Will    +....        (no amulet)
Stlth   +            h - ring of willpower
HPRegen 0.29/turn    (no ring)
MPRegen 0.11/turn

%: no passive effects
@: short of breath, flux-form, glowing
A: glow, contaminating, breathe frost, AC +6, unfitting armour, cold resistance
1, cold-blooded
a: Breathe Frost, Begin Untransformation, Renounce Religion, Sacrifice Health,
Sacrifice an Eye, Sacrifice Drink, Reject Sacrifices


You were on level 7 of the Dungeon.
You worshipped Ru.
Ru was noncommittal.
You were something dangerously unstable.
You visited 2 branches of the dungeon, and saw 8 of its levels.

You collected 288 gold pieces.


Innate Abilities, Weirdness & Mutations

You are something dangerously unstable.
You glow with magical radiation, making you easy to see and hit.
Foes you strike become dangerously contaminated with magical radiation.
You are incapable of wielding weapons or throwing items.
You can breathe waves of freezing cold which knock back foes.
Your icy white scales are hard. (AC +6)
You cannot fit into any form of body armour.
Your flesh is cold resistant. (rC+)
You are cold-blooded and may be slowed by cold attacks.


   Skills:
 - Level 1.1 Fighting
 - Level 1.7 Dodging
 + Level 7.3 Unarmed Combat
 * Level 9.2 Shapeshifting


You had 7 spell levels left.
You didn't know any spells.
Your spell library contained the following spells:

 Spells                   Type           Power      Damage    Failure   Level
 Blink                    Tloc           0%         N/A       50%         2
 Ensorcelled Hibernation  Hex/Ice        0%         N/A       50%         2
 Passwall                 Tmut/Erth      0%         N/A       50%         2
 Dazzling Flash           Conj/Hex       0%         N/A       75%         3
 Swiftness                Air            0%         N/A       75%         3
 Volatile Blastmotes      Fire/Tloc      0%         2d10      75%         3
 Manifold Assault         Tloc           0%         N/A       98%         4
 Starburst                Conj/Fire      0%         6d3       100%        6
 Maxwell's Capacitive Co  Air            0%         ∞         100%        8

Inventory:

Missiles
 e - 42 stones
 m - 19 poisoned darts
Armour
 j - a +1 cloak
   (You found it on level 1 of the Dungeon)
Jewellery
 h - a ring of willpower (left hand)
   (You found it on level 1 of the Dungeon)
 q - a ring of willpower
   (You took it off a goblin on level 4 of the Dungeon)
 R - a ring of resist corrosion
   (You found it on level 5 of the Dungeon)
 T - an amulet of faith {!P}
   (You found it on level 6 of the Dungeon)
Talismans
 b - a beast talisman
 c - a flux talisman (active)
Wands
 w - a wand of paralysis (22)
   (You found it on level 6 of the Dungeon)
Scrolls
 l - 2 scrolls of fear
 t - 2 scrolls of teleportation {@r4}
 v - a scroll of vulnerability {!r!r}
 x - a scroll of blinking {!r}
Potions
 a - a potion of enlightenment {unknown}
 d - 3 potions of curing {unknown}
 f - a potion of ambrosia {unknown}
 g - a potion of cancellation {unknown}
 i - 2 potions of mutation {unknown}
 k - 2 potions of haste {@q3}
 n - 2 potions of attraction {!q}
 p - a potion of magic
 r - a potion of might {unknown}
 s - a potion of degeneration {unknown}
 z - a potion of lignification {!q}

Dungeon Overview and Level Annotations

Branches:
Dungeon (7/15) Zot: 26525  Temple (1/1) D:4 Zot: 5960

Altars:
Ashenzari
Cheibriados
Dithmenos
Elyvilon
Fedhas
Gozag
Hepliaklqana
Kikubaaqudgha
Makhleb
Nemelex Xobeh
Okawaru
Qazlal
Ru
Sif Muna
Trog
Vehumet
Wu Jian
Xom
Yredelemnul
Zin
The Shining One

Annotations:
D:3 1 runed translucent door, Gabrierda's ghost, amateur DsCj
D:4 Sigmund
D:5 2 transporters, Xavier147's ghost, novice MiBe

#.# #.... . #.# #.... ..#
#.### #.... ...# #.#.##
#....
....###....##########....
............)............
..~≈.........#########...
.~≈~≈~....##.# ##.#
~≈≈≈≈~~~p###.# ###
≈≈≈≈≈≈≈S~###.# #
≈≈≈≈≈≈###..#.# # ≈≈≈≈##
##)#.# # ≈≈## #)#.# # ≈
##)#.# # #.)..# # ##.###
# ##.# #


You could see an electric eel.


Message History

The freezing breath hits the orc priest!
The orc priest is knocked back by the freezing wind.
The orc closely misses you. 😎 HP[+1]
Your hp is fully restored (59).
You hit the orc.
The orc begins to glow.
The orc hits you with a +0 dagger.
You hit the orc.
The orc glows dangerously bright.
You tail-slap the orc.
The orc hits you with a +0 dagger. 😕 HP[-2]
You take 2 damage, and now have 57/59 hp.
You hit the orc.
You kill the orc!
The orc priest mumbles some strange prayers to Beogh against you.
Beogh smites you!
The orc priest calls down the wrath of Beogh upon you.
Pain shoots through your body!
Things that are here:
a +0 dagger; an orc corpse; 😮 HP[-22]
You take 22 damage, and now have 35/59 hp.
MASSIVE DAMAGE!! (PAUSE)
You see here a +0 whip.
You barely miss the orc priest. The orc priest closely misses you.
You hit the orc priest but do no damage.
The orc priest begins to glow. 😮 HP[+1] Unknown command.
You barely miss the orc priest.
The orc priest looks braver for a moment.
You hit the orc priest but do no damage.
The orc priest glows dangerously bright.
The orc priest misses you.
You hit the orc priest.
The orc priest shudders as magic cascades through it!!
You kill the orc priest!
Things that are here:
a +0 mace; a +0 scale mail; 😮 HP[+1]
You have got your breath back.
Things that are here:
a +0 mace; a +0 scale mail You see here a +0 whip.
Things that are here:
a +0 dagger; an orc corpse Key pressed, stopping explore.
You see here a +0 flail.
You enter the shallow water.
Moving in this stuff is going to be slow.
An electric eel comes into view.
The electric eel shoots out a bolt of lightning at you!
The bolt of electricity misses you.
Unknown command. 😎 HP[+22]
Your hp is fully restored (59).
An electric eel is nearby!
An electric eel is nearby!
You enter the shallow water.
Moving in this stuff is going to be slow.
You see here a +0 flail.
You start waiting.
An electric eel is nearby!
The electric eel shoots out a bolt of lightning at you!
The bolt of electricity hits you! 😕 HP[-8]
You take 8 damage, and now have 51/59 hp.
The electric eel shoots out a bolt of lightning at you!
The bolt of electricity hits you! 😮 HP[-13]
You take 13 damage, and now have 38/59 hp.
MASSIVE DAMAGE!! (PAUSE) Unknown command.
Aiming: Breathe Frost (4% risk of failure)
Press: ? - help, Shift-Dir - straight line, f - electric eel
Aim: an electric eel (48% to hit)
You exhale a wave of freezing cold.
The freezing breath misses the electric eel.
The electric eel shoots out a bolt of lightning at you!
The bolt of electricity hits you!
* * * LOW HITPOINT WARNING * * *
😨 HP[-10]
You take 10 damage, and now have 28/59 hp.
Unknown command.
You enter the shallow water.
Moving in this stuff is going to be slow.
The electric eel shoots out a bolt of lightning at you!
The bolt of electricity hits you!
* * * LOW HITPOINT WARNING * * *
The bolt of electricity misses you.
The bolt of electricity hits the electric eel.
The electric eel completely resists. 😨 HP[-9]
You take 9 damage, and now have 19/59 hp.
The electric eel shoots out a bolt of lightning at you!
The bolt of electricity hits you!
* * * LOW HITPOINT WARNING * * *
😱 HP[-14]
You take 14 damage, and now have 5/59 hp.
MASSIVE DAMAGE!! (PAUSE)
You barely miss the electric eel.
The electric eel shoots out a bolt of lightning at you!
The bolt of electricity hits you!
You die...

Skill      XL: |  1  2  3  4  5  6  7  8 |
---------------+-------------------------+-----
Shapeshifting  | 4 5 6 7 9 |  9.2
Unarmed Combat | 4 5 6 7 |  7.3
Fighting       | |  1.1
Dodging        | |  1.7

Action                     |  1- 3 |  4- 6 |  7- 9 || total
---------------------------+-------+-------+-------++-------
  Melee: Unarmed           |   139 |   149 |   159 ||   447
         Tailslap          |    13 |    29 |    33 ||    75
         Punch             |     1 |     1 |       ||     2
Ability: Breathe Frost     |       |       |     7 ||     7
    Use: Potion            |     1 |       |       ||     1
         Scroll            |       |     6 |     5 ||    11
   Stab: Sleeping          |     2 |     3 |       ||     5
 Armour: Skin              |    89 |    69 |    91 ||   249
  Dodge: Dodged            |    70 |    88 |    80 ||   238
   Form: Flux              |       |     1 |       ||     1

Levels and vault maps discovered:
D:1:      reono_arrival_mine, layout_rooms, shapermc_ecumenical_altar_flowoftime
D:2:      layout_basic
D:3:      layout_rooms, nicolae_vehumet_radiance, gammafunk_ghost_grave,
          minmay_misc_feat_more_columns
D:4:      layout_basic, minmay_temple_entry_statues_pillars, uniq_sigmund
D:5:      layout_basic, gammafunk_ghost_mausoleum
D:6:      layout_cave_pools, nicolae_overflow_squiral,
          nicolae_overflow_two_pavilions, due_unseen_surprise
D:7:      statuecave_lemuel, layout_loops_corners
Temple:   eino_temple_scatter_basement

Notes
Turn   | Place    | Note
-------+----------+-------------------------------------------
     0 | D:1      | kae the Draconian Shapeshifter began the quest for the Orb.
     0 | D:1      | Reached XP level 1. HP: 16/16 MP: 1/1
     0 | D:1      | magus.rc [v1.11.3]
    91 | D:1      | Reached XP level 2. HP: 16/23 MP: 2/2
   121 | D:1      | HP: 8/34 [goblin/+0 dagger (3)]
   254 | D:1      | Reached XP level 3. HP: 28/28 MP: 3/3
   307 | D:1      | You pick up a book of Burglary and begin reading...
   307 | D:1      | You add the spells Passwall, Ensorcelled Hibernation and
                  | Swiftness to your library.
   577 | D:1      | Found a faded altar of an unknown god.
   857 | D:2      | Reached skill level 4 in Shapeshifting
   923 | D:2      | You pick up a book of Spectacle and begin reading...
   923 | D:2      | You add the spells Volatile Blastmotes, Dazzling Flash,
                  | Starburst and Maxwell's Capacitive Coupling to your
                  | library.
  1599 | D:2      | Reached XP level 4. HP: 35/35 MP: 4/4
  1819 | D:3      | Found a radiant altar of Vehumet.
  2097 | D:3      | Found a runed translucent door.
  2097 | D:3      | Noticed Gabrierda's ghost (amateur DsCj)
  2143 | D:3      | You add the spells Blink and Manifold Assault to your
                  | library.
  2232 | D:2      | HP: 8/35 [gnoll/+0 spear (5)]
  2557 | D:4      | Identified the +1 falchion "Gugummuos" {speed, Will+ Int+4}
  2623 | D:4      | Noticed a scorpion
  2640 | D:4      | Killed a scorpion
  2641 | D:4      | Reached skill level 4 in Unarmed Combat
  2641 | D:4      | Reached skill level 5 in Shapeshifting
  2641 | D:4      | Reached XP level 5. HP: 34/40 MP: 5/5
  2668 | D:4      | Found a staircase to the Ecumenical Temple.
  2683 | Temple   | Entered the Ecumenical Temple
  2705 | Temple   | Became a worshipper of Ru the Awakened
  3200 | D:4      | Noticed Sigmund
  3345 | D:5      | Entered Level 5 of the Dungeon
  3349 | D:5      | Noticed an ogre
  3356 | D:5      | Killed an ogre
  3357 | D:5      | Reached XP level 6. HP: 34/47 MP: 6/6
  3487 | D:5      | Noticed an ice beast
  3502 | D:5      | Killed an ice beast
  3503 | D:5      | Reached skill level 5 in Unarmed Combat
  3503 | D:5      | Reached skill level 6 in Shapeshifting
  3544 | D:5      | Found a transporter.
  3849 | D:5      | Your scales start taking on an icy white colour.
  3849 | D:5      | Reached XP level 7. HP: 18/52 MP: 7/7
  3849 | D:5      | Gained mutation: Your flesh is cold resistant. (rC+) [White
                  | Draconian growth]
  3982 | D:5      | HP: 11/50 [iguana (4)]
  4184 | D:5      | Reached skill level 7 in Shapeshifting
  4259 | D:5      | Noticed Xavier147's ghost (novice MiBe)
  4368 | D:5      | Found a transporter.
  4785 | D:6      | Reached skill level 6 in Unarmed Combat
  4846 | D:6      | Reached XP level 8. HP: 46/59 MP: 8/8
  4932 | D:6      | Reached skill level 8 in Shapeshifting
  5306 | D:6      | Found a shimmering altar of Xom.
  5336 | D:6      | Found an ornate altar of the Wu Jian Council.
  5441 | D:6      | Found a white marble altar of Elyvilon.
  5441 | D:6      | Found a burning altar of Makhleb.
  5654 | D:7      | Reached skill level 7 in Unarmed Combat
  5764 | D:7      | Reached skill level 9 in Shapeshifting
  6061 | D:7      | HP: 5/59 [electric eel/bolt of electricity (15)]
  6062 | D:7      | Killed from afar by an electric eel

Vanquished Creatures
  A water moccasin (D:6)
  2 ice beasts
  3 sky beasts
  An orc warrior (D:5)
  A black bear (D:5)
  An ogre (D:5)
  A bullfrog (D:6)
  3 scorpions
  An electric eel (D:6)
  A howler monkey (D:6)
  3 jellies
  2 hounds
  2 orc priests
  3 sleepcaps
  A gnoll bouda (D:7)
  4 iguanas
  An orc wizard (D:5)
  7 adders
  7 gnolls
  A white imp (D:6)
  An ufetubus (D:6)
  2 worms
  4 dart slugs
  18 orcs
  9 ball pythons
  6 endoplasms
  3 giant cockroaches
  6 goblins
  5 hobgoblins
  6 kobolds
  4 quokkas
  9 bats
  8 frilled lizards
  6 rats
133 creatures vanquished.

Table legend:
 A = Non-vault XP
 B = Vault XP
 C = Vault XP percentage of total XP
 D = Non-vault monster count
 E = Vault monster count
 F = Vault count percentage of total count
                 A         B        C        D         E       F
            +---------+---------+-------+---------+---------+-------
      Total |    2630 |       0 |   0.0 |     133 |       0 |   0.0
            +---------+---------+-------+---------+---------+-------
        D:1 |      57 |       0 |   0.0 |      26 |       0 |   0.0
        D:2 |      57 |       0 |   0.0 |      19 |       0 |   0.0
        D:3 |      31 |       0 |   0.0 |      16 |       0 |   0.0
        D:4 |     186 |       0 |   0.0 |      19 |       0 |   0.0
        D:5 |    1000 |       0 |   0.0 |      22 |       0 |   0.0
        D:6 |     819 |       0 |   0.0 |      13 |       0 |   0.0
        D:7 |     480 |       0 |   0.0 |      18 |       0 |   0.0
            +---------+---------+-------+---------+---------+-------

Skill      XL: |  1  2  3  4  5  6  7  8 |
---------------+-------------------------+-----
Shapeshifting  | 4 5 6 7 9 |  9.2
Unarmed Combat | 4 5 6 7 |  7.3
Fighting       | |  1.1
Dodging        | |  1.7

Action                     |  1- 3 |  4- 6 |  7- 9 || total
---------------------------+-------+-------+-------++-------
  Melee: Unarmed           |   139 |   149 |   159 ||   447
         Tailslap          |    13 |    29 |    33 ||    75
         Punch             |     1 |     1 |       ||     2
Ability: Breathe Frost     |       |       |     7 ||     7
    Use: Potion            |     1 |       |       ||     1
         Scroll            |       |     6 |     5 ||    11
   Stab: Sleeping          |     2 |     3 |       ||     5
 Armour: Skin              |    89 |    69 |    91 ||   249
  Dodge: Dodged            |    70 |    88 |    80 ||   238
   Form: Flux              |       |     1 |       ||     1

Illustrated notes

Table legend:
 A = Kills in this place as a percentage of kills in the entire game.
 B = Kills by you in this place as a percentage of kills by you in the entire game.
 C = Kills by friends in this place as a percentage of kills by friends in the entire game.
 D = Other kills in this place as a percentage of other kills in the entire game.
 E = Experience gained in this place as a percentage of experience gained in the entire game.
 F = Experience gained in this place divided by the number of levels of this place that you have seen.
                   A       B       C       D       E      F
               +-------+-------+-------+-------+-------+----------------------
         Total | 100.0 | 100.0 |   N/A |   N/A | 100.0 | 328.8
       Dungeon | 100.0 | 100.0 |   N/A |   N/A | 100.0 | 375.7
               +-------+-------+-------+-------+-------+----------------------

Table legend: (Time is in decaauts)
 A = Elapsed time spent in this place.
 B = Non-inter-level travel time spent in this place.
 C = Inter-level travel time spent in this place.
 D = Time resting spent in this place.
 E = Time spent auto-exploring this place.
 F = Levels seen in this place.
 G = Mean time per level.
                   A        B        C        D        E       F      G
               +--------+--------+--------+--------+--------+-----+--------+
         Total |   6029 |   5755 |    274 |    661 |   4096 |   8 |  753.6 |
       Dungeon |   5989 |   5749 |    240 |    661 |   4091 |   7 |  855.6 |
        Temple |     39 |      6 |     33 |      0 |      5 |   1 |   39.0 |
               +--------+--------+--------+--------+--------+-----+--------+

Top non-repeatable levels by time:
     D:5: 1511 daAuts
     D:2: 1126 daAuts
     D:4: 803 daAuts
     D:1: 751 daAuts
     D:6: 713 daAuts
     D:3: 609 daAuts
     D:7: 473 daAuts
  Temple: 39 daAuts
